 Dungeon Crawl Stone Soup version 0.25-a0-505-gae4569222e (webtiles) character file.

Game seed: 9754082242126739695, levelgen mode: deterministic

148 kae the Insei (level 5, -2/41 HPs)
             Began as a Demonspawn Gladiator on Feb 14, 2020.
             Slain by an orc warrior
             ... wielding a +0 hand axe
              (17 damage)
             ... on level 3 of the Dungeon.
             The game lasted 00:01:56 (2565 turns).

kae the Insei (Demonspawn Gladiator)                Turns: 2565, Time: 00:01:56

Health: -2/41      AC: 10    Str: 16    XL:     5   Next: 8%
Magic:  5/5        EV: 13    Int: 10    God:
Gold:   153        SH:  0    Dex: 15    Spells: 4/4 levels left

rFire    . . .     SeeInvis .   g - +0 dagger (venom)
rCold    . . .     Gourm    .   (no shield)
rNeg     . . .     Faith    .   a - +0 leather armour
rPois    .         Spirit   .   b - +0 helmet
rElec    .         Reflect  .   (no cloak)
rCorr    .         Harm     .   (no gloves)
MR       .....                  (no boots)
Stlth    +.........             (no amulet)
HPRegen  0.13/turn              o - +2 ring of strength
MPRegen  0.09/turn              (no ring)

@: sanguine armour
A: demonic guardian 1, sanguine armour 1
a: no special abilities


You were on level 3 of the Dungeon.
You were hungry.

You visited 1 branch of the dungeon, and saw 3 of its levels.

You collected 153 gold pieces.

Inventory:

Hand Weapons
 g - a +0 dagger of venom (weapon)
Missiles
 c - 3 throwing nets (quivered)
Armour
 a - a +0 leather armour (worn)
 b - a +0 helmet (worn)
Jewellery
 l - an uncursed amulet of harm
 o - a +2 ring of strength (left hand)
Scrolls
 f - a scroll of remove curse {unknown}
 h - a scroll of amnesia
Potions
 e - a potion of heal wounds
 j - a potion of haste {unknown}
 k - a potion of flight {unknown}
 m - 2 potions of cancellation {unknown}
 n - a potion of curing {unknown}
Comestibles
 d - 7 rations
 i - 2 chunks of flesh


   Skills:
 + Level 3.1 Fighting
 - Level 1.7 Throwing
 + Level 3.4 Dodging
 * Level 4.2 Unarmed Combat


You had 4 spell levels left.
You didn't know any spells.
Your spell library was empty.

Dungeon Overview and Level Annotations

Branches:
Dungeon (3/15)

Altars:


Innate Abilities, Weirdness & Mutations

A weak demonic guardian rushes to your aid.
When seriously injured, your bleeding wounds create armour. (AC +6)


Message History

You barely miss the orc warrior.
The orc warrior is heavily wounded.
The orc closely misses you. Something hits you but does no damage.
You hit the orc warrior but do no damage.
The orc warrior looks as sick as possible!
The orc warrior is heavily wounded.
The orc warrior misses you. The orc closely misses you.
Something hits you but does no damage.
You barely miss the orc warrior.
The orc warrior is severely wounded.
The orc warrior hits you with a +0 hand axe.
The orc misses you.
You hear some strange, mumbled words.
A puff of flame appears from out of thin air!
The puff of flame hits you.
Your shadow imp barely misses something.
You hit the orc warrior but do no damage.
The orc warrior is severely wounded.
The orc warrior hits you with a +0 hand axe!
You die...

. #.####.##.#.## #.. .
#.# #.).....##.. #. #.#
##.........
#..#.####.........#
#.................#
#......#.........####
.....##)#....5...)....
......)...............
#.............@oo.#
#.................#
#........)........#
..................#
......###.[.).....#
.....#
##.=.......##.?........
....
.......##....g........
..
.####..................
#. #....####.o........


You could see an orc warrior, an orc and a friendly shadow imp.

Vanquished Creatures
  A hound (D:3)
  3 adders (D:2)
  An ooze (D:2)
  2 worms
  2 dart slugs (D:2)
  5 orcs (D:3)
  4 giant cockroaches (D:2)
  11 goblins
  6 hobgoblins
  6 jackals
  9 kobolds
  2 quokkas
  4 bats
  3 frilled lizards
  10 rats
69 creatures vanquished.

Notes
Turn   | Place    | Note
-------+----------+-------------------------------------------
     0 | D:1      | kae the Demonspawn Gladiator began the quest for the Orb.
     0 | D:1      | Reached XP level 1. HP: 16/16 MP: 1/1
   427 | D:1      | Reached skill level 3 in Unarmed Combat
   427 | D:1      | Gained mutation: When seriously injured, your bleeding
                  | wounds create armour. (AC +6) [demonic ancestry]
   427 | D:1      | Reached XP level 2. HP: 18/22 MP: 2/2
   983 | D:2      | Gained mutation: A weak demonic guardian rushes to your
                  | aid. [demonic ancestry]
   983 | D:2      | Reached XP level 3. HP: 26/28 MP: 3/3
  1509 | D:2      | Found a faded altar of an unknown god.
  1713 | D:2      | Reached XP level 4. HP: 34/34 MP: 4/4
  2293 | D:3      | Noticed an orc warrior
  2363 | D:3      | Reached skill level 4 in Unarmed Combat
  2434 | D:3      | Reached XP level 5. HP: 32/41 MP: 5/5
  2565 | D:3      | Slain by an orc warrior

Levels and vault maps discovered:
D:1:      lemuel_arrival_broad_hall, layout_loops_cross
D:2:      layout_loops_corners, chequers_ecumenical_altar_lobes, st_stairs_12
D:3:      layout_rooms, first_ration, hangedman_decor_points,
          minmay_diced_spiral

Skill      XL: |  1  2  3  4 |
---------------+-------------+-----
Unarmed Combat | 3 4 |  4.2
Dodging        | 3 |  3.4
Fighting       | 3 |  3.1
Throwing       | |  1.7

Action                   |  1- 3 |  4- 6 || total
-------------------------+-------+-------++-------
Melee: Dagger            |   125 |   117 ||   242
       Unarmed           |    14 |       ||    14
       Punch             |     1 |     3 ||     4
  Use: Scroll            |       |     4 ||     4
  Eat: Chunk             |     2 |     3 ||     5
Armor: Leather armour    |    30 |    29 ||    59
Dodge: Dodged            |    92 |    65 ||   157

Table legend:
 A = Non-vault XP
 B = Vault XP
 C = Vault XP percentage of total XP
 D = Non-vault monster count
 E = Vault monster count
 F = Vault count percentage of total count
                 A         B        C        D         E       F
            +---------+---------+-------+---------+---------+-------
      Total |     210 |       2 |   0.9 |      68 |       1 |   1.4
            +---------+---------+-------+---------+---------+-------
        D:1 |      36 |       0 |   0.0 |      22 |       0 |   0.0
        D:2 |     103 |       2 |   1.9 |      33 |       1 |   2.9
        D:3 |      71 |       0 |   0.0 |      13 |       0 |   0.0
            +---------+---------+-------+---------+---------+-------
